 Dungeon Crawl Stone Soup version 0.29-a0-284-gf9362112df (webtiles) character file.

Game seed: 10316403616350138514

165 Patoropollo the Grave Robber (level 5, -4/35 HPs)
             Began as a Mummy Necromancer on Apr 1, 2022.
             Slain by a river rat (8 damage)
             ... in a sewer.
             The game lasted 00:06:16 (2815 turns).

Patoropollo the Grave Robber (Mummy Necromancer)    Turns: 2815, Time: 00:06:17

Health: -4/35      AC:  5    Str: 11    XL:     5   Next: 22%
Magic:  0/12       EV: 11    Int: 17    God:
Gold:   166        SH:  0    Dex: 12    Spells: 1/14 levels left

rFire   x . .      SeeInvis .   c - +0 whip (vamp)
rCold   + . .      Faith    .   (no shield)
rNeg    + + +      Spirit   .   i - +0 leather armour
rPois   ∞          Reflect  .   (no helmet)
rElec   .          Harm     .   e - +0 cloak
rCorr   .          Rampage  .   n - +0 pair of gloves
Will    .....                   (no boots)
Stlth   +.........              (no amulet)
HPRegen 0.11/turn               (no ring)
MPRegen 0.13/turn               (no ring)

@: no status effects
A: cold resistance 1, negative energy resistance 3, torment resistance 2, heat
vulnerability 1, in touch with death 1, no potions
a: no special abilities


You were in a sewer.
You visited 1 branch of the dungeon, and saw 3 of its levels.
You also visited: Sewer.

You collected 166 gold pieces.

Inventory:

Hand Weapons
 c - a +0 vampiric whip (weapon)
Armour
 e - a +0 cloak (worn)
 i - a +0 leather armour (worn)
 n - a +0 pair of gloves (worn)
Wands
 j - a wand of digging (7)
 k - a wand of mindburst (23)
Scrolls
 a - 2 scrolls of fear {unknown}
 b - 2 scrolls of silence {unknown}
 d - 4 scrolls of teleportation {unknown}
 f - 2 scrolls of identify {unknown}
 g - a scroll of acquirement {unknown}
 h - 2 scrolls of magic mapping {unknown}
 l - a scroll of vulnerability {unknown}
 m - a scroll of enchant armour {unknown}


   Skills:
 - Level 1.5 Dodging
 - Level 1.5 Stealth
 + Level 5.1 Spellcasting
 + Level 5.4 Necromancy


You had one spell level left.
You knew the following spells:

 Your Spells              Type           Power      Damage    Failure   Level
a - Pain                  Necr           100%       1d9       1%          1
b - Vampiric Draining     Necr           34%        2d8       6%          3
c - Animate Dead          Necr           17%        N/A       21%         4
d - Agony                 Necr           34%        N/A       50%         5

Your spell library contained the following spells:

 Spells                   Type           Power      Damage    Failure   Level
 Animate Skeleton         Necr           68%        N/A       1%          1
 Conjure Flame            Conj/Fire      4%         6-21      50%         3
 Ignite Poison            Fire/Tmut/Pois 4%         N/A       50%         3
 Sticky Flame             Conj/Fire      4%         2d3       88%         4


Dungeon Overview and Level Annotations

Branches:
Dungeon (3/15)              Sewer (1/1)

Altars:


Innate Abilities, Weirdness & Mutations

You are immune to poison.
Your flesh is cold resistant. (rC+)
You are immune to negative energy. (rN+++)
You are immune to unholy pain and torment.
You are vulnerable to heat. (rF-)
You are in touch with the powers of death.
You do not drink.


Message History

You feel a surge of power!
You draw life force from the river rat!
You kill the river rat!
You feel life coursing into your body. The river rat closely misses you.
Casting: Vampiric Draining (dangerous; 6% risk of failure)
Confirm with . or Enter, or press ? or * to list all spells.
Aiming: Vampiric Draining (dangerous; 6% risk of failure)
Press: ? - help, Shift-Dir - straight line, f - river rat
Aim: a river rat You feel a surge of power!
You draw life force from the river rat.
You feel life coursing into your body. The river rat bites you!
Casting: Vampiric Draining (dangerous; 6% risk of failure)
Confirm with . or Enter, or press ? or * to list all spells.
You don't have enough magic to cast this spell.
You feel a surge of power!
The river rat writhes in agony.
There are monsters nearby!
There are monsters nearby!
You hit the river rat but do no damage.
The river rat is severely wounded.
The river rat closely misses you. x2
You hit the river rat but do no damage.
The river rat is severely wounded.
The river rat bites you! The river rat bites you.
You barely miss the river rat.
The river rat is severely wounded.
The river rat closely misses you. The river rat bites you.
* * * LOW HITPOINT WARNING * * *
Casting: Pain (safe; 1% risk of failure)
Confirm with . or Enter, or press ? or * to list all spells.
Aiming: Pain (safe; 1% risk of failure)
Press: ? - help, Shift-Dir - straight line, f/p - river rat
Aim: a river rat (severely wounded, chance to affect: 88%)
You feel a surge of power!
The river rat writhes in agony.
The river rat bites you.
* * * LOW HITPOINT WARNING * * *
The river rat closely misses you.
You barely miss the river rat.
The river rat is almost dead.
The river rat bites you but does no damage.
The river rat closely misses you. The river rat bites you!
You die...

≈≈≈≈.≈≈..≈..≈≈≈≈≈≈≈≈≈≈≈≈≈≈≈.≈≈≈≈≈
≈≈≈≈≈≈≈≈≈≈≈≈≈≈≈≈≈≈≈≈≈≈≈≈≈≈≈≈≈≈.≈≈
≈≈≈.≈≈.≈.≈≈≈.≈.≈≈≈≈≈≈≈≈.†..≈≈≈≈≈≈
##≈≈≈#######################≈≈≈##
#≈≈≈# ###### #≈≈≈# #≈≈≈# #!.!?#
#≈≈≈# #≈≈.#
#####++#####'†#####≈≈≈# #.≈≈#
#∩..............≈.≈≈≈.#
#∩....r@........≈≈≈≈≈.#
#####'r#####''#####≈≈≈# #...
#....# #≈≈.# #### ###### #≈≈.#
#####≈≈≈## ≈≈≈≈≈≈≈≈## ≈≈≈≈≈≈≈.##
≈.≈.≈≈≈†# #####.≈.##


You could see 2 river rats.

Vanquished Creatures
  A gnoll (D:1)
  3 river rats (Sewer)
  6 adders
  2 worms
  7 endoplasms
  A giant cockroach (Sewer)
  4 hobgoblins
  7 jackals
  2 kobolds
  3 quokkas
  7 ball pythons
  8 bats
  3 frilled lizards
  10 goblins
  5 rats
  14 toadstools (D:1)
83 creatures vanquished.

Notes
Turn   | Place    | Note
-------+----------+-------------------------------------------
     0 | D:1      | Patoropollo the Mummy Necromancer began the quest for the
                  | Orb.
     0 | D:1      | Reached XP level 1. HP: 13/13 MP: 4/4
   371 | D:1      | Reached XP level 2. HP: 19/19 MP: 3/6
   771 | D:1      | Gained mutation: You are in touch with the powers of death.
                  | [Mummy growth]
   771 | D:1      | Reached XP level 3. HP: 24/24 MP: 6/8
  1169 | D:2      | Found a faded altar of an unknown god.
  2206 | D:3      | Reached XP level 4. HP: 30/30 MP: 3/10
  2226 | D:3      | Found a glowing drain.
  2230 | Sewer    | Entered a sewer
  2236 | Sewer    | Reached skill level 5 in Necromancy
  2719 | Sewer    | Reached XP level 5. HP: 27/35 MP: 4/12
  2725 | Sewer    | Learned a level 3 spell: Vampiric Draining
  2730 | Sewer    | Learned a level 4 spell: Animate Dead
  2736 | Sewer    | Learned a level 5 spell: Agony
  2808 | Sewer    | Reached skill level 5 in Spellcasting
  2815 | Sewer    | Slain by a river rat

Illustrated notes

Levels and vault maps discovered:
D:1:      nagdon_arrival_zigzag_paths, layout_loops_ring,
          wander_ebering_terrifying_dragon_lair
D:2:      layout_loops_ring, hellmonk_ecumenical_altar_arch_garden,
          minmay_hedge_maze
D:3:      layout_rooms, gup_sewer_entry_bowl
Sewer:    sewer_fruit_machine

Skill      XL: |  1  2  3  4  5 |
---------------+----------------+-----
Spellcasting   | 3 4 5 |  5.1
Necromancy     | 5 |  5.4
Dodging        | |  1.5
Stealth        | |  1.5

Action                   |  1- 3 |  4- 6 || total
-------------------------+-------+-------++-------
Melee: Unarmed           |    50 |       ||    50
       Punch             |     4 |       ||     4
       Whip              |       |     6 ||     6
 Cast: Pain              |    80 |    47 ||   127
       Vampiric Draining |       |     3 ||     3
Armor: Leather armour    |     1 |     8 ||     9
Dodge: Dodged            |    13 |    17 ||    30

Table legend: (Time is in decaauts)
 A = Elapsed time spent in this place.
 B = Non-inter-level travel time spent in this place.
 C = Inter-level travel time spent in this place.
 D = Time resting spent in this place.
 E = Time spent auto-exploring this place.
 F = Levels seen in this place.
 G = Mean time per level.
                   A        B        C        D        E       F      G
               +--------+--------+--------+--------+--------+-----+--------+
         Total |   2865 |   2736 |    129 |      0 |   2244 |   4 |  716.2 |
       Dungeon |   2232 |   2103 |    129 |      0 |   1735 |   3 |  744.0 |
         Sewer |    632 |    632 |      0 |      0 |    509 |   1 |  632.0 |
               +--------+--------+--------+--------+--------+-----+--------+

Top non-repeatable levels by time:
     D:1: 1019 daAuts
     D:2: 965 daAuts
   Sewer: 632 daAuts
     D:3: 247 daAuts
